Map: [ESL] Inside and Out

Players

Serral

  • Race: Zerg Zerg
  • Spawn Location: 7:00

LiquidClem (Clem) - Winner!

  • Race: Terran Terran
  • Spawn Location: 1:00

Event: HomeStory Cup XXI

VOD

Have the link to the VOD?

Description

Time

  • Played on: July 24, 2022, 6:09 p.m.
  • Length: 14:24

All games in this series

Show
View Real Time Build Order
Export as new Build Order

Serral Zerg 

Build Orders: Hatch First, Lurkers 

Get SALT Encoding   

  12  0:00  Drone  
  13  0:12  Overlord  
  13  0:16  Drone  
  14  0:30  Drone x2  
  16  0:47  Hatchery  
  15  0:51  Drone  
  15  0:53  Drone  
  15  0:57  Drone  
  18  1:08  Extractor  
  17  1:12  Spawning Pool  
  17  1:15  Drone  
  17  1:18  Drone  
  18  1:27  Drone  
  19  1:38  Drone  
  20  1:49  Drone  
  21  1:59  Queen x2  
  21  2:00  Zergling x4  
  27  2:10  Overlord  
  27  2:11  Drone  
  28  2:22  Hatchery  
  27  2:28  Spore Crawler  
  26  2:30  Drone x2  
  26  2:34  Drone  
  30  2:38  Drone, Metabolic Boost  
  31  2:45  Queen  
  31  2:49  Overlord  
  33  2:52  Drone  
  33  2:55  Drone  
  33  2:57  Drone  
  36  3:04  Overlord  
  36  3:09  Drone x4  
  40  3:14  Queen  
  40  3:17  Drone  
  40  3:18  Drone  
  44  3:24  Queen  
  47  3:27  Drone  
  47  3:28  Drone  
  47  3:34  Queen  
  48  3:35  Drone  
  48  3:36  Drone  
  52  3:43  Zergling x2  
  52  3:45  Overlord  
  53  3:48  Zergling x2  
  53  3:49  Drone x3  
  57  3:56  Overlord  
  57  3:59  Overlord  
  57  4:03  Queen  
  57  4:04  Queen  
  57  4:05  Drone  
  57  4:09  Drone x2  
  64  4:11  Overlord  
  64  4:12  Zergling x2  
  65  4:20  Overlord  
  65  4:21  Drone x3  
  68  4:24  Drone  
  68  4:26  Queen  
  71  4:32  Zergling x2  
  71  4:33  Drone x4  
  71  4:37  Evolution Chamber  
  71  4:38  Evolution Chamber, Drone  
  76  4:39  Drone  
  76  4:45  Extractor, Drone x4  
  79  4:47  Drone  
  79  4:52  Spore Crawler x2  
  78  4:55  Drone x2  
  80  5:00  Zergling x2  
  80  5:03  Zerg Melee Weapons Level 1  
  80  5:04  Zerg Ground Armor Level 1  
  81  5:07  Hatchery  
  81  5:08  Zergling x2  
  81  5:09  Drone, Zergling x2  
  83  5:16  Drone, Overlord  
  83  5:17  Drone x3  
  83  5:19  Extractor  
  83  5:20  Drone x2  
  83  5:21  Extractor  
  87  5:22  Drone x2  
  87  5:26  Drone  
  90  5:34  Queen x3  
  92  5:37  Zergling x6  
  89  5:51  Zergling x8  
  89  5:56  Zergling x10  
  89  5:57  Zergling x6  
  91  6:01  Zergling x4  
  89  6:04  Zergling x2  
  89  6:09  Queen  
  89  6:10  Queen  
  94  6:12  Zergling x2  
  94  6:13  Zergling x2  
  94  6:14  Zergling x2  
  90  6:20  Zergling x2  
  90  6:22  Zergling x2  
  90  6:23  Zergling x2  
  90  6:25  Zergling x2  
  84  6:26  Queen  
  84  6:30  Zergling x2  
  85  6:33  Zergling x2  
  85  6:36  Zergling x2  
  85  6:37  Zergling x2  
  83  6:43  Lair  
  83  6:45  Queen x2  
  83  6:47  Drone x4  
  84  6:53  Zergling x4  
  84  6:59  Baneling Nest  
  84  7:00  Zergling x20  
  93  7:02  Queen  
  93  7:03  Zergling x2  
  93  7:06  Overlord  
  96  7:10  Overlord  
  96  7:13  Zergling x4  
  96  7:23  Queen  
  96  7:24  Queen  
  96  7:26  Zergling x10  
  100  7:31  Zergling x2  
  101  7:38  Drone  
  101  7:39  Drone x2  
  101  7:40  Drone, Hatchery  
  101  7:42  Centrifugal Hooks  
  101  7:43  Zerg Ground Armor Level 2, Zerg Melee Weapons Level 2  
  106  7:44  Baneling x7  
  106  7:45  Baneling  
  106  7:46  Drone x3  
  109  7:53  Drone x2  
  109  7:55  Overlord x3  
  111  8:03  Queen  
  111  8:07  Hatchery  
  110  8:13  Drone  
  110  8:14  Drone x5  
  110  8:19  Zergling x14  
  116  8:22  Zergling x2  
  110  8:32  Zergling x28  
  118  8:39  Baneling x4, Zergling x2  
  118  8:40  Zergling x4  
  120  8:46  Zergling x4  
  122  8:49  Zergling x4  
  122  8:54  Baneling x5  
  122  8:59  Zergling x12  
  126  9:04  Zergling x8  
  130  9:14  Overlord x3  
  130  9:16  Queen x2  
  134  9:17  Zergling x14  
  134  9:18  Baneling x4  
  134  9:21  Zergling x6  
  143  9:25  Zergling x8  
  143  9:27  Zergling x2  
  141  9:32  Zergling x8  
  141  9:37  Zergling x8  
  141  9:42  Zergling x4  
  143  9:48  Zergling x14  
  143  9:51  Pneumatized Carapace, Zergling x6  
  143  9:52  Overseer  
  153  9:56  Zergling x8  
  155  10:01  Zergling x10  
  157  10:12  Zergling x28  
  151  10:14  Baneling x9  
  151  10:21  Zergling x14  
  150  10:28  Zergling x18  
  159  10:32  Infestation Pit  
  157  10:38  Baneling x13  
  157  10:42  Overlord  
  157  10:43  Drone x3, Extractor  
  157  10:44  Zergling x22  
  157  10:48  Hydralisk Den  
  169  10:53  Zergling x4  
  169  10:55  Overlord x6  
  169  10:58  Baneling x2  
  169  11:00  Baneling x11  
  137  11:18  Zergling x2  
  137  11:19  Zergling x42  
  154  11:27  Zergling x24  
  157  11:42  Zergling x10  
  156  11:47  Zergling x6  
  154  11:57  Hatchery  
  153  12:02  Baneling x11  
  153  12:03  Zergling x16  
  158  12:14  Zergling x2  
  158  12:15  Zergling x18  
  134  12:20  Zergling x10  
  133  12:29  Zergling x12  
  136  12:36  Zergling x8  
  134  12:37  Hive  
  134  12:41  Zergling x4  
  134  12:42  Lurker Den  
  118  12:44  Zergling x2  
  118  12:46  Zergling x2, Overseer  
  118  12:49  Zergling x2  
  118  12:51  Zergling x4  
  116  12:55  Baneling  
  116  12:56  Baneling x9  
  116  12:57  Drone x2  
  116  12:58  Drone, Extractor  
  115  13:08  Zergling x10  
  119  13:15  Drone x2, Extractor  
  119  13:16  Drone, Hydralisk x3  
  119  13:19  Hydralisk  
  129  13:22  Baneling  
  129  13:23  Baneling x3  
  127  13:35  Hydralisk x3  
  127  13:39  Baneling x3  
  133  13:42  Hydralisk  
  133  13:43  Lurker x3  
  133  13:44  Lurker  
  135  13:49  Baneling  
  135  13:50  Baneling  
  135  13:52  Zergling x14  
  135  13:54  Hydralisk x2  
  139  13:57  Baneling x2  
  136  14:05  Lurker x3  
Show
View Real Time Build Order
Export as new Build Order

LiquidClem Terran - Winner!

Build Orders: Reaper Expand 

Get SALT Encoding   

  12  0:00  SCV  
  13  0:12  SCV  
  14  0:16  Supply Depot  
  14  0:24  SCV  
  15  0:38  SCV  
  15  0:39  Barracks  
  15  0:42  Refinery  
  16  0:50  SCV  
  17  1:02  SCV  
  18  1:14  SCV  
  19  1:26  Reaper  
  19  1:27  Orbital Command  
  20  1:39  Command Center  
  20  1:46  Supply Depot  
  20  1:52  SCV  
  21  1:58  Marine  
  22  2:04  SCV  
  23  2:09  Factory  
  23  2:16  SCV  
  23  2:19  Barracks Reactor  
  24  2:28  SCV  
  25  2:38  Command Center  
  25  2:41  SCV  
  26  2:51  Orbital Command  
  26  2:53  SCV  
  27  2:58  Starport  
  27  3:04  Hellion  
  27  3:05  SCV  
  30  3:10  Hellion  
  30  3:12  Barracks Tech Lab  
  32  3:16  Refinery  
  32  3:18  SCV  
  33  3:20  SCV  
  33  3:25  Hellion  
  36  3:31  SCV  
  36  3:32  Hellion  
  36  3:33  SCV  
  40  3:38  Viking  
  42  3:43  SCV  
  42  3:45  SCV  
  44  3:50  Orbital Command  
  44  3:54  Marauder  
  44  3:55  SCV  
  47  3:57  SCV  
  52  4:02  Hellion  
  52  4:03  Hellion  
  52  4:07  Supply Depot  
  52  4:09  Medivac  
  54  4:13  SCV x2  
  54  4:15  Marauder  
  58  4:17  SCV  
  59  4:25  SCV  
  59  4:28  Armory  
  59  4:29  Hellion x2  
  59  4:30  SCV  
  65  4:32  SCV, Supply Depot  
  65  4:37  SCV  
  65  4:38  Concussive Shells  
  67  4:45  Marauder  
  69  4:51  Barracks  
  69  4:53  SCV x2  
  69  4:54  Hellion x2, Supply Depot  
  69  4:57  Barracks  
  69  4:59  Orbital Command  
  76  5:02  Refinery  
  76  5:05  SCV x2  
  77  5:08  Refinery  
  77  5:16  Hellion x2, Marine  
  77  5:17  Supply Depot x2, Starport Reactor  
  77  5:18  SCV  
  83  5:23  SCV  
  83  5:24  Engineering Bay x2  
  83  5:28  SCV  
  85  5:38  SCV x2  
  85  5:39  Hellion x2  
  85  5:40  Supply Depot  
  92  5:45  SCV  
  92  5:48  Marine x2  
  90  5:51  Stimpack  
  90  5:52  SCV, Marine  
  90  5:55  SCV  
  84  5:57  Supply Depot  
  84  5:58  SCV, Medivac x2  
  91  6:04  Hellion x2, SCV  
  91  6:06  Marine  
  91  6:07  SCV, Marine  
  95  6:11  SCV  
  95  6:12  Supply Depot  
  95  6:14  Terran Infantry Weapons Level 1  
  95  6:17  Terran Infantry Armor Level 1  
  95  6:18  Marine  
  92  6:22  SCV  
  92  6:23  SCV  
  92  6:24  Marine  
  91  6:25  Hellion  
  91  6:26  Marine  
  91  6:27  SCV  
  89  6:34  Hellion  
  89  6:35  SCV  
  92  6:40  SCV  
  92  6:41  SCV  
  92  6:42  Marine  
  92  6:47  Hellion, SCV, Marine  
  89  6:52  SCV  
  89  6:53  SCV  
  87  6:56  Hellion  
  87  6:57  Barracks x2  
  87  6:58  Supply Depot  
  87  6:59  SCV  
  90  7:01  Barracks Reactor  
  90  7:04  SCV, Marine  
  90  7:05  SCV  
  95  7:08  Hellion, Medivac x2  
  95  7:11  SCV, Marine  
  101  7:16  SCV  
  101  7:17  Hellion, SCV  
  101  7:18  Refinery, Supply Depot  
  101  7:19  Refinery  
  101  7:20  Factory  
  101  7:21  Supply Depot  
  105  7:24  Marine  
  105  7:29  Hellion, Marine  
  105  7:31  Combat Shield  
  105  7:36  Command Center  
  103  7:38  Hellion  
  103  7:42  Marine x3  
  108  7:45  Supply Depot, Sensor Tower  
  108  7:46  Barracks Tech Lab, Supply Depot, Barracks Reactor  
  108  7:49  Barracks Reactor  
  108  7:50  Barracks Reactor  
  108  7:52  Hellion  
  108  7:53  Medivac x2  
  114  7:59  Marine  
  114  8:00  Marine x2  
  114  8:02  Bunker, Supply Depot  
  114  8:05  Factory Tech Lab, Supply Depot  
  117  8:06  Hellion  
  117  8:07  Supply Depot  
  117  8:08  SCV  
  117  8:09  SCV  
  121  8:13  Hellion  
  121  8:17  Marine x2  
  121  8:18  Marine  
  124  8:24  Terran Infantry Armor Level 2, Terran Infantry Weapons Level 2  
  124  8:25  Marine  
  123  8:28  Hellion  
  118  8:34  Marine x2  
  118  8:35  Hellion, Marine x3  
  118  8:38  Drilling Claws  
  118  8:41  Marine, Widow Mine  
  123  8:42  Terran Vehicle And Ship Armor Level 1, Marine x2  
  123  8:46  Medivac x2  
  123  8:48  Marine  
  131  8:52  Marine x2  
  131  8:53  SCV, Marine x3  
  137  8:59  Marine x2  
  137  9:00  Marine  
  133  9:03  Barracks x2  
  133  9:04  Barracks, Widow Mine  
  133  9:06  Marine  
  133  9:09  Widow Mine  
  137  9:10  Marine x2  
  137  9:11  Marine x3, Widow Mine  
  137  9:12  SCV  
  137  9:16  Planetary Fortress  
  145  9:17  Marine  
  146  9:24  SCV  
  146  9:25  Widow Mine  
  146  9:27  Marine x2  
  146  9:28  Marine  
  146  9:29  Sensor Tower  
  146  9:30  Widow Mine  
  154  9:32  Widow Mine  
  154  9:33  Medivac x2  
  154  9:34  Marine x3  
  154  9:36  SCV  
  154  9:37  SCV  
  160  9:39  Marine  
  161  9:47  Widow Mine  
  161  9:49  Marine x4  
  161  9:51  Marine  
  161  9:52  Widow Mine  
  169  9:53  Widow Mine  
  169  9:54  Barracks Tech Lab x2  
  169  9:55  Marine x2  
  169  9:56  Command Center  
  169  9:57  SCV  
  174  10:00  Marine  
  175  10:08  Widow Mine  
  175  10:10  Marine  
  175  10:11  Marine x2  
  175  10:13  Marine x2, Widow Mine  
  174  10:14  Barracks Tech Lab  
  174  10:15  Widow Mine  
  174  10:16  Marauder  
  174  10:19  Marine  
  174  10:20  Marauder  
  171  10:21  Marine  
  171  10:25  Marine x2  
  174  10:28  Marine  
  174  10:29  Widow Mine  
  174  10:31  Marine  
  174  10:32  Marine x2  
  174  10:35  Widow Mine  
  182  10:36  Widow Mine  
  182  10:40  Marauder x2  
  182  10:41  Marine x3, Marauder  
  191  10:43  Terran Infantry Weapons Level 3, Marauder  
  191  10:48  Terran Infantry Armor Level 3  
  193  10:51  Widow Mine  
  193  10:54  Marine  
  193  10:56  Widow Mine  
  193  10:57  Marine x2, Widow Mine  
  188  10:58  Marine x2  
  188  10:59  Marine  
  188  11:03  Refinery  
  188  11:04  Marine  
  196  11:12  Widow Mine  
  196  11:15  Command Center  
  196  11:17  Medivac x2, Widow Mine  
  192  11:19  Marauder, Widow Mine  
  192  11:20  Marine  
  192  11:21  Marine  
  192  11:22  Marine  
  192  11:23  Marine x2  
  192  11:24  Marauder  
  195  11:31  Marine, Marauder  
  195  11:32  Marine  
  195  11:33  Marine x2, Widow Mine  
  195  11:38  Marine  
  195  11:39  Terran Vehicle And Ship Armor Level 2  
  200  11:46  Planetary Fortress  
  196  11:47  Medivac x2  
  196  11:49  Marine, Marauder  
  196  11:50  Widow Mine  
  196  11:52  Marauder  
  199  11:54  Marine  
  200  12:14  Marine x2  
  165  12:17  Widow Mine x2  
  165  12:18  Marine x2  
  165  12:20  Marine x6, Marauder, Widow Mine  
  165  12:22  Marine  
  161  12:23  SCV x4  
  161  12:24  SCV  
  161  12:30  Medivac  
  161  12:32  Marine x2  
  161  12:35  SCV  
  161  12:36  Marine x2  
  166  12:38  Marine x6, Widow Mine x2  
  166  12:40  Marine  
  166  12:42  Widow Mine  
  166  12:43  Marauder  
  170  12:49  Marine x2  
  168  12:52  Orbital Command  
  168  12:54  Marine x2  
  168  12:55  Marine  
  168  12:56  Marine x5  
  168  12:57  SCV  
  168  12:58  Marine  
  177  13:00  Widow Mine x2  
  177  13:04  Marine, Widow Mine  
  180  13:07  Marine x2  
  180  13:12  Marine x2  
  180  13:13  Marine x5  
  180  13:14  Marine  
  180  13:16  Marine  
  180  13:17  Ghost Academy  
  187  13:21  Widow Mine x2  
  187  13:22  Marine  
  187  13:25  Marine x2, Widow Mine  
  196  13:29  Marine  
  196  13:30  Marine  
  196  13:32  Marauder  
  196  13:42  Widow Mine x2  
  200  14:02  Command Center, Marine, Widow Mine  
  194  14:03  Command Center  
Tags
 
Add a new tag
Caveats
  • Supply blocks, unpowered buildings, or Contaminate may cause inaccurate times.
  • Supply counts are checked every 10 seconds.